 Dungeon Sprint DCSS version 0.27.1-33-g824d729ab1 (webtiles) character file.

Game seed: 15469247347946859723

18408 Hipnos the Warrior (level 12, -8/96 HPs)
             Began as a Gargoyle Berserker on Dec 2, 2021.
             Was a High Priest of Trog.
             Killed from afar by a deep elf annihilator (41 damage)
             ... with an iron shot
             ... in the Dungeon (Sprint I: "Red Sonja").
             The game lasted 00:27:11 (5538 turns).

Hipnos the Warrior (Gargoyle Berserker)             Turns: 5538, Time: 00:27:12

Health: -8/96      AC: 36    Str: 25    XL:     12   Next: 58%
Magic:  4/4        EV:  9    Int:  9    God:    Trog [*****.]
Gold:   595        SH:  5    Dex:  9    Spells: 11/11 levels left

rFire    . . .     SeeInvis .   o - +4 great mace (antimagic)
rCold    + + +     Faith    .   (shield currently unavailable)
rNeg     + . .     Spirit   .   l - +1 plate armour {rC+}
rPois    ∞         Reflect  +   x - +0 helmet
rElec    +         Harm     .   k - +0 cloak
rCorr    .         Rampage  +   v - +1 pair of gloves {archery}
Will     .....     NoTele   +   u - +2 pair of boots {rampage}
Stlth    ..........             F - amulet of reflection
HPRegen  0.26/turn              E - ring of protection from cold
MPRegen  0.09/turn              I - ring of protection from cold

@: no status effects
A: sickness immunity, AC +8, negative energy resistance 1, electricity
resistance, torment resistance 1, petrification resistance
a: Renounce Religion, Berserk, Trog's Hand, Brothers in Arms


You were in the Dungeon.
You worshipped Trog.
Trog was extremely pleased with you.
You visited 1 branch You collected 4643 gold pieces.
You spent 4048 gold pieces at shops.

Inventory:

Hand Weapons
 a - a +0 mace
 n - a +4 vorpal dire flail
 o - a +4 antimagic great mace (weapon)
 q - a +3 antimagic flail
Armour
 b - a +0 animal skin
 i - a +2 scale mail of fire resistance
 k - a +0 cloak (worn)
 l - a +1 plate armour of cold resistance (worn)
 r - the +2 robe "Wudethret" {rC+++ rCorr Str-2 Dex-4}
   (You found it in the Dungeon)

   Str:       It affects your strength (-2).
   Dex:       It affects your dexterity (-4).
   rC:        It renders you almost immune to cold.
   rCorr:     It protects you from acid and corrosion.
 u - a +2 pair of boots of rampaging (worn)
 v - a +1 pair of gloves of archery (worn)
 w - a +0 tower shield
 x - a +0 helmet (worn)
 D - the +3 leather armour of Demons {Will+ Str+3}
   (You found it in the Dungeon)

   Str:       It affects your strength (+3).
   Will:      It increases your willpower.
Jewellery
 s - a ring of protection from fire
 t - a ring of positive energy
 y - a ring of protection from fire
 E - a ring of protection from cold (left hand)
 F - an amulet of reflection (around neck)
 H - a ring of positive energy
 I - a ring of protection from cold (right hand)
Wands
 B - a wand of digging (3)
Scrolls
 h - 5 scrolls of blinking
 j - a scroll of vulnerability
 z - 2 scrolls of silence
Potions
 c - 4 potions of curing
 d - 2 potions of mutation {unknown}
 e - a potion of haste
 f - 2 potions of magic
 g - a potion of berserk rage
 m - 2 potions of lignification {unknown}
 p - 4 potions of might
 A - a potion of ambrosia {unknown}
 C - a potion of attraction {unknown}
 G - 2 potions of heal wounds
 J - a potion of flight
 K - a potion of resistance


   Skills:
 * Level 20.1 Fighting
 * Level 18.3 Maces & Flails
 + Level 15.7 Armour
 + Level 5.8 Dodging
 + Level 1.0 Stealth
 + Level 0.2 Shields


You had 11 spell levels left.
You didn't know any spells.
Your spell library was empty.

Dungeon Overview and Level Annotations

Branches:
Dungeon (1/1)

Altars:
Cheibriados
Dithmenos
Elyvilon
Fedhas
Gozag
Hepliaklqana
Kikubaaqudgha
Makhleb
Nemelex Xobeh
Okawaru
Qazlal
Ru
Sif Muna
Trog
Uskayaw
Vehumet
Wu Jian
Xom
Yredelemnul
Zin
The Shining One
Jiyva
Lugonu

Shops:
D (!((==**=*[*!=*[[?


Innate Abilities, Weirdness & Mutations

You are immune to sickness and miasma.
Your stone body is resilient. (AC +8)
You are immune to poison.
You resist negative energy. (rN+)
You are resistant to electric shocks. (rElec)
You are resistant to unholy torment.
You are immune to petrification.


Message History

[Y]es or [N]o only, please.
Really walk into a travel-excluded area?
Okay, then.
There is an open door, spattered with blood here.
Things that are here:
a +2 vorpal great mace; a +0 spear You see here a hornet corpse.
There is an open door, spattered with blood here.
Things that are here:
a +2 vorpal great mace; a +0 spear The deep elf annihilator gestures at you while chanting.
The poison arrow hits you! You partially resist.
You see here a hornet corpse.
A mummy priest comes into view.
The deep elf annihilator gestures at you while chanting.
The crystal spear misses you.
The mummy priest utters an invocation to its god.
The deep elf annihilator casts a spell at you.
The iron shot hits you!!!
The deep elf annihilator casts a spell at you.
The bolt of lightning hits you. You resist. The bolt of lightning hits you!
You resist.
The spectral bat hits you but does no damage.
The deep elf annihilator mumbles some strange words.
The deep elf annihilator blinks!
Press: ? - help, v - describe, . - travel
Here: a spectral bat (summoned)
The floor.
You bludgeon the spectral bat!!
You destroy the spectral bat!
The spectral bat disappears in a puff of smoke!
You rampage towards the flayed ghost!
You bludgeon the flayed ghost!!
The flayed ghost's magic leaks into the air.
The flayed ghost is heavily damaged.
The deep elf annihilator hits you but does no damage.
The deep elf annihilator casts a spell.
The deep elf annihilator blinks!
The deep elf annihilator gestures at you while chanting.
The iron shot hits you!!!
You die...

########################
#§§.§'§§§§§.'..#^^+§§§§#
#§####§§§§§##..†^^#§§.§##
#§#.###§.§#######)#§§(§.#####
'.#'#.###+#)$(##.†#§§.§§#...#
###^..#y#.##$$.#..##§..§#.∩:#
..#...###..###.#@.≈###§##...#
..+.....##.#A#.#W§≈e:#)####'#
○○#^....#..###.#..≈.##§#....##
○.###''##.##...#..≈##.§^§§...##
°###..###..#+###..≈#§§§§.^§.§.#
.####..###...# ≈..##.§§.§..§..##
'#.○#).#.###.#M≈..#...§........#
(#○..○○....#.###..#.....)§§§...#
##....○....#.# +..##^^^.^§§..^##


You could see a deep elf annihilator and a flayed ghost (summoned).

Vanquished Creatures
  3 fire giants (D)
  A hydra (D)
  A centaur warrior (D)
  A deep troll (D)
  2 merfolk sirens (D)
  2 kobold demonologists (D)
  7 unseen horrors (D)
  A hellwing (D)
  4 hornets (D)
  A slime creature (D)
  Sigmund (D)
  2 redbacks (D)
  A yak (D)
  13 hogs (D)
  3 floating eyes (D)
  7 necrophages (D)
  An ogre (D)
  8 jellies (D)
  Ijyb (D)
60 creatures vanquished.

Vanquished Creatures (collateral kills)
  A golden dragon (D)
  A shadow dragon (D)
  A fire giant (D)
  A lorocyproca (D)
  A centaur warrior (D)
  A lindwurm (D)
  An oklob plant (D)
  A gargoyle (D)
  4 demonic crawlers (D)
  A hornet (D)
13 creatures vanquished.

Vanquished Creatures (others)
  Sonja (D)
  A gargoyle (D)
  2 ballistomycete spores (D)
4 creatures vanquished.

Grand Total: 77 creatures vanquished

Notes
Turn   | Place    | Note
-------+----------+-------------------------------------------
     0 | D        | Hipnos the Gargoyle Berserker began the quest for the Orb.
     0 | D        | Reached XP level 1. HP: 14/14 MP: 1/1
     1 | D        | Noticed Ijyb
    17 | D        | Killed Ijyb
    18 | D        | Reached skill level 5 in Fighting
    18 | D        | Reached XP level 2. HP: 13/21 MP: 2/2
    18 | D        | Reached XP level 3. HP: 16/26 MP: 3/3
   190 | D        | Noticed an ogre
   194 | D        | Killed an ogre
   195 | D        | Reached skill level 7 in Fighting
   195 | D        | Reached XP level 4. HP: 35/35 MP: 4/4
   258 | D        | Noticed Sigmund
   265 | D        | Killed Sigmund
   265 | D        | Reached ** piety under Trog
   266 | D        | Reached skill level 9 in Fighting
   266 | D        | Reached XP level 5. HP: 42/42 MP: 5/5
   266 | D        | Reached XP level 6. HP: 48/48 MP: 6/6
   319 | D        | Found an ornate altar of the Wu Jian Council.
   319 | D        | Found a shimmering blue altar of Sif Muna.
   321 | D        | Found a radiant altar of Vehumet.
   327 | D        | Reached skill level 10 in Fighting
   370 | D        | Found Ceisook's Distillery.
   370 | D        | Found an ancient bone altar of Kikubaaqudgha.
   370 | D        | Found a hazy altar of Hepliaklqana.
   370 | D        | Found a stormy altar of Qazlal.
   370 | D        | Found a hide-covered altar of Uskayaw.
   370 | D        | Found a blossoming altar of Fedhas.
   370 | D        | Found a bloodstained altar of Trog.
   370 | D        | Found an iron altar of Okawaru.
   370 | D        | Found a basalt altar of Yredelemnul.
   370 | D        | Found a glowing golden altar of the Shining One.
   370 | D        | Found a snail-covered altar of Cheibriados.
   370 | D        | Found a sacrificial altar of Ru.
   370 | D        | Found a glowing silver altar of Zin.
   370 | D        | Found a shadowy altar of Dithmenos.
   370 | D        | Found a white marble altar of Elyvilon.
   370 | D        | Noticed a yak
   381 | D        | Killed a yak
   382 | D        | Reached skill level 11 in Fighting
   382 | D        | Reached XP level 7. HP: 20/54 MP: 7/7
   382 | D        | Found an opulent altar of Gozag.
   383 | D        | Found a sparkling altar of Nemelex Xobeh.
   594 | D        | Found a burning altar of Makhleb.
   594 | D        | Found a shimmering altar of Xom.
   594 | D        | Noticed a slime creature
   595 | D        | Found a viscous altar of Jiyva.
   595 | D        | Found a corrupted altar of Lugonu.
   603 | D        | Killed a slime creature
   603 | D        | Reached *** piety under Trog
   604 | D        | Reached skill level 10 in Maces & Flails
   604 | D        | Reached skill level 5 in Armour
   672 | D        | Noticed a kobold demonologist
   672 | D        | Noticed a kobold demonologist
   677 | D        | Reached skill level 12 in Fighting
   683 | D        | Noticed a red devil
   687 | D        | Noticed a smoke demon
   688 | D        | Noticed a sun demon
   689 | D        | Killed a kobold demonologist
   690 | D        | Reached XP level 8. HP: 54/62 MP: 8/8
   698 | D        | Killed a kobold demonologist
   698 | D        | Reached **** piety under Trog
   699 | D        | Reached skill level 13 in Fighting
   821 | D        | Noticed a centaur warrior
   821 | D        | Noticed a centaur warrior
   825 | D        | Noticed Sonja
   854 | D        | Killed Sonja
   855 | D        | Reached skill level 14 in Fighting
   855 | D        | Reached XP level 9. HP: 14/69 MP: 9/9
   868 | D        | Found Rinofes's Weapon Boutique.
  1132 | D        | Noticed a deep troll
  1141 | D        | Killed a deep troll
  1152 | D        | Found Usmevai's Armour Emporium.
  1159 | D        | Bought a +0 cloak for 45 gold pieces
  1159 | D        | Bought a +1 plate armour of cold resistance for 350 gold
                  | pieces
  1223 | D        | Noticed a demonic crawler
  1223 | D        | Noticed a demonic crawler
  1223 | D        | Noticed a demonic crawler
  1223 | D        | Noticed a demonic crawler
  1225 | D        | Killed a demonic crawler
  1226 | D        | Killed a demonic crawler
  1227 | D        | Reached skill level 1 in Stealth
  1229 | D        | Killed a demonic crawler
  1231 | D        | Killed a demonic crawler
  1232 | D        | Reached skill level 15 in Fighting
  1236 | D        | Noticed a gargoyle
  1239 | D        | Killed a gargoyle
  1249 | D        | Noticed a lindwurm
  1251 | D        | Killed a lindwurm
  1317 | D        | Reached ***** piety under Trog
  1318 | D        | Reached XP level 10. HP: 56/76 MP: 10/10
  1327 | D        | Received a gift from Trog
  1328 | D        | Reached skill level 5 in Dodging
  1369 | D        | Reached skill level 15 in Maces & Flails
  1377 | D        | Reached skill level 16 in Fighting
  1377 | D        | Reached skill level 10 in Armour
  1651 | D        | Noticed a 12-headed hydra
  1658 | D        | Killed a 12-headed hydra
  1658 | D        | Received a gift from Trog
  1852 | D        | Killed a centaur warrior
  1853 | D        | Reached XP level 11. HP: 44/84 MP: 11/11
  1854 | D        | Killed a centaur warrior
  1855 | D        | Reached skill level 17 in Fighting
  1862 | D        | Noticed an oklob plant
  1865 | D        | Killed an oklob plant
  2143 | D        | Reached ****** piety under Trog
  2143 | D        | Received a gift from Trog
  2229 | D        | Received a gift from Trog
  2236 | D        | Identified the +2 robe "Wudethret" {rC+++ rCorr Str-2
                  | Dex-4}
  2254 | D        | Found Adanlocw's Antique Weapon Shoppe.
  2254 | D        | Found Fepipuoc's Weapon Shop.
  2254 | D        | Found Rongac's Jewellery Boutique.
  2256 | D        | Found Vaxoips's Jewellery Emporium.
  2256 | D        | Found Gicun's Assorted Antiques.
  2256 | D        | Found Ciucuf's General Store.
  2256 | D        | Found Taycw's Jewellery Boutique.
  2256 | D        | Found Aprogg's General Store.
  2256 | D        | Found Uluxiuza's Antique Armour Shop.
  2256 | D        | Found Want's General Store.
  2260 | D        | Found Usang's Distillery.
  2261 | D        | Bought a ring of protection from fire for 350 gold pieces
  2261 | D        | Bought a ring of positive energy for 280 gold pieces
  2261 | D        | Found Xiub's General Store.
  2261 | D        | Found Yggamn's Jewellery Boutique.
  2262 | D        | Found Munut's Armour Emporium.
  2274 | D        | Bought a pair of embroidered boots for 187 gold pieces
  2274 | D        | Bought a pair of embroidered gloves for 187 gold pieces
  2278 | D        | Bought a +0 tower shield for 45 gold pieces
  2279 | D        | Bought a +0 helmet for 49 gold pieces
  2310 | D        | Bought a ring of protection from fire for 350 gold pieces
  2429 | D        | Killed a lorocyproca
  2430 | D        | Reached skill level 18 in Fighting
  3250 | D        | Noticed a golden dragon
  3266 | D        | Killed a golden dragon
  3270 | D        | Noticed a shadow dragon
  3274 | D        | Identified the +3 leather armour of Demons {Will+ Str+3}
  3283 | D        | Killed a shadow dragon
  3345 | D        | Found Xuojeix's Magic Scroll Shoppe.
  3362 | D        | Bought a scroll of enchant weapon for 82 gold pieces
  3362 | D        | Bought a scroll of enchant weapon for 82 gold pieces
  3362 | D        | Bought 3 scrolls of blinking for 247 gold pieces
  3420 | D        | Noticed a daeva
  3441 | D        | Reached skill level 19 in Fighting
  3453 | D        | HP: 2/88 [something (8)]
  3462 | D        | Reached XP level 12. HP: 14/95 MP: 12/12
  4645 | D        | Bought an amulet of reflection for 360 gold pieces
  4647 | D        | Bought a scroll of enchant armour for 82 gold pieces
  4648 | D        | Bought a potion of might for 40 gold pieces
  4651 | D        | Bought a scroll of enchant weapon for 75 gold pieces
  4651 | D        | Bought a potion of might for 40 gold pieces
  4654 | D        | Bought a scroll of blinking for 157 gold pieces
  4767 | D        | Bought 2 potions of heal wounds for 100 gold pieces
  4767 | D        | Bought a potion of curing for 30 gold pieces
  4767 | D        | Bought a potion of heal wounds for 50 gold pieces
  4767 | D        | Bought 2 potions of heal wounds for 100 gold pieces
  5001 | D        | Noticed a fire giant
  5011 | D        | Killed a fire giant
  5011 | D        | Received a gift from Trog
  5011 | D        | Noticed a fire giant
  5022 | D        | Noticed a fire giant
  5024 | D        | Noticed a fire giant
  5028 | D        | Killed a fire giant
  5040 | D        | Killed a fire giant
  5041 | D        | Reached skill level 15 in Armour
  5045 | D        | Killed a fire giant
  5045 | D        | Received a gift from Trog
  5353 | D        | Bought a ring of protection from cold for 250 gold pieces
  5353 | D        | Bought a ring of protection from cold for 250 gold pieces
  5372 | D        | Bought a potion of flight for 30 gold pieces
  5373 | D        | Bought a scroll of silence for 90 gold pieces
  5379 | D        | Bought a potion of resistance for 140 gold pieces
  5449 | D        | Noticed a deep elf annihilator
  5463 | D        | Reached skill level 20 in Fighting
  5522 | D        | Received a gift from Trog
  5530 | D        | Noticed a mummy priest
  5538 | D        | Killed from afar by a deep elf annihilator

Illustrated notes

Levels and vault maps discovered:
D:        dungeon_sprint_1 [red_sonja_temple_1, red_sonja_temple_small_1]

Skill      XL: |  1  2  3  4  5  6  7  8  9 10 11 12 |
---------------+-------------------------------------+-----
Fighting       | 5 7 9 11 12 14 15 16 19 20 | 20.1
Maces & Flails | 4 6 8 9 11 12 14 15 17 18 | 18.3
Dodging        | 2 3 4 5 |  5.8
Armour         | 3 4 5 7 9 11 14 15 | 15.7
Stealth        | 1 |  1.0
Shields        | |  0.2

Action                   |  1- 3 |  4- 6 |  7- 9 | 10-12 || total
-------------------------+-------+-------+-------+-------++-------
Melee: Mace              |    18 |    19 |    69 |    80 ||   186
       Dire flail        |       |       |       |   108 ||   108
       Great mace        |       |       |       |    42 ||    42
Invok: Berserk           |     2 |     2 |     4 |     3 ||    11
       Trog's Hand       |       |       |     1 |     1 ||     2
       Brothers in Arms  |       |       |     1 |     7 ||     8
  Use: Potion            |       |       |     1 |     5 ||     6
       Scroll            |       |       |       |     8 ||     8
Armor: Animal skin       |     3 |       |       |       ||     3
       Scale mail        |       |     3 |    41 |       ||    44
       Plate armour      |       |       |     7 |   192 ||   199
Dodge: Dodged            |     3 |     4 |    37 |    69 ||   113
Block: Other             |       |       |       |     6 ||     6
